 Dungeon Crawl Stone Soup version 0.24-a0-84-g25a2d9f (webtiles) character file.

Game seed: 3200773135807123000

822575 Ijustatesigmund the Honourless (level 27, 0/273 HPs)
             Began as a Hill Orc Fighter on Feb 6, 2019.
             Was a High Priest of the Shining One (penitent).
             Splashed by an acid blob's acid (4 damage)
             ... while paralysed by a great orb of eyes
             ... on level 6 of a ziggurat on Feb 7, 2019.
             The game lasted 04:22:13 (67726 turns).

Ijustatesigmund the Honourless (Hill Orc Fighter)  Turns: 67726, Time: 04:22:15

Health: 0/273      AC: 19    Str: 23    XL:     27
Magic:  19/49      EV:  2    Int: 16    God:    the Shining One [*]
Gold:   3473       SH:  0    Dex: 25    Spells: 20/30 levels left

rFire    + + .     SeeInvis +   R - +9 broad axe (holy)
rCold    + . .     Gourm    .   c - +5 shield {rC+ rF+}
rNeg     + + .     Faith    .   l - +6 plate armour of the Harvest {rPois rC+ Slay+5}
rPois    +         Spirit   .   (helmet restricted)
rElec    .         Reflect  +   w - +2 cloak {MR+}
rCorr    +         Harm     .   H - +1 pair of gloves of Kajyatur {rC- Regen+ Dex+3 Stlth+}
MR       +++..     Clarity  +   t - +0 pair of boots of Divine Compulsion {+Fly MP+9 Int+5 Slay+3}
Stlth    ..........             r - +5 amulet of reflection
HPRegen  0.95/turn              P - ring "Muvvupen" {*Corrode rF+ Slay+5 SInv Stlth+}
MPRegen  0.31/turn              m - ring "Qestor" {rCorr Dex+4}

@: paralysed, corroded, studying 2 skills
A: antennae 1, clarity, clever 1
}: 3/15 runes: serpentine, barnacled, silver
a: Renounce Religion, Evoke Flight


You were on level 6 of a ziggurat.
You worshipped the Shining One.
The Shining One was demanding penance.
You were not hungry.

You visited 12 branches of the dungeon, and saw 56 of its levels.
You visited 2 ziggurats, and saw 19 of their levels (deepest: 13).
You also visited: Trove, Ossuary, Gauntlet, Ice Cave, Wizlab and Desolation.

You collected 9850 gold pieces.
You spent 6377 gold pieces at shops.

Inventory:

Hand Weapons
 M - a +9 broad axe of electrocution
 R - a +9 broad axe of holy wrath (weapon)
Armour
 c - a +5 shield of resistance (worn)
 l - the +6 plate armour of the Harvest (worn) {rPois rC+ Slay+5}
   (You bought it in a shop on level 5 of the Vaults)

   It affects your accuracy and damage with ranged weapons and melee attacks
   (+5).
   It protects you from cold.
   It protects you from poison.
 t - the +0 pair of boots of Divine Compulsion (worn) {+Fly MP+9 Int+5 Slay+3}
   (You found it in a Gauntlet)

   It affects your intelligence (+5).
   It affects your accuracy and damage with ranged weapons and melee attacks
   (+3).
   It affects your magic capacity (+9).
   It lets you fly.
 v - the +3 fire dragon scales "Jaecato Hocw" {*Slow rF++ rC- MR++ Regen+ Int+3}
   (You found it in a treasure trove)

   It affects your intelligence (+3).
   It greatly protects you from fire.
   It makes you vulnerable to cold.
   It affects your resistance to hostile enchantments.
   It increases your rate of regeneration.
   It may slow you when you take damage.
 w - a +2 cloak of magic resistance (worn)
 H - the +1 pair of gloves of Kajyatur (worn) {rC- Regen+ Dex+3 Stlth+}
   (You found it in a Gauntlet)

   It affects your dexterity (+3).
   It makes you vulnerable to cold.
   It increases your rate of regeneration.
   It makes you more stealthy.
 N - +5 fire dragon scales
 S - the +10 crystal plate armour of Coerr {rN+ MP+9}
   (You bought it in a shop on level 5 of the Vaults)

   It protects you from negative energy.
   It affects your magic capacity (+9).
 W - the +4 helmet of Ykimp {rElec rPois Int+2}
   (You found it in the Desolation of Salt)

   It affects your intelligence (+2).
   It insulates you from electricity.
   It protects you from poison.
Jewellery
 h - an uncursed ring of ice
 m - the ring "Qestor" (right hand) {rCorr Dex+4}
   (You found it in a treasure trove)

   [ring of resist corrosion]

   It affects your dexterity (+4).
 r - a +5 amulet of reflection (around neck)
 B - the ring "Zeng" {rF+ rN+ Int+5 Dex-3}
   (You found it on level 3 of the Crypt)

   [ring of positive energy]

   It affects your intelligence (+5).
   It affects your dexterity (-3).
   It protects you from fire.
   It protects you from negative energy.
 F - a +6 ring of protection
 I - an uncursed ring of protection from fire
 P - the ring "Muvvupen" (left hand) {*Corrode rF+ Slay+5 SInv Stlth+}
   (You took it off an ironbrand convoker on level 5 of the Vaults)

   [ring of stealth]

   It affects your accuracy and damage with ranged weapons and melee attacks
   (+5).
   It protects you from fire.
   It lets you see invisible.
   It may corrode you when you take damage.
   It makes you more stealthy.
 U - the ring of Kimor {rPois Str+6}
   (You found it in a Gauntlet)

   [ring of poison resistance]

   It affects your strength (+6).
   It protects you from poison.
 Z - the ring of Zimamup {*Corrode AC+5 Slay+4}
   (You found it in the Desolation of Salt)

   [ring of protection]

   It affects your AC (+5).
   It affects your accuracy and damage with ranged weapons and melee attacks
   (+4).
   It may corrode you when you take damage.
Wands
 n - a wand of digging (18)
 G - a wand of acid (41)
 K - a wand of iceblast (17)
Scrolls
 e - 31 scrolls of remove curse
 g - 17 scrolls of fog
 j - 2 scrolls of magic mapping
 o - 30 scrolls of teleportation
 x - 6 scrolls of enchant weapon
 y - 2 scrolls of summoning
 A - 3 scrolls of amnesia
 E - 8 scrolls of fear
 L - 10 scrolls of identify
 O - 6 scrolls of brand weapon
 Q - 8 scrolls of immolation
 V - 5 scrolls of blinking
 Y - a scroll of silence
Potions
 a - a potion of ambrosia
 d - 5 potions of might
 i - 3 potions of flight
 k - 11 potions of curing
 p - 14 potions of heal wounds
 q - 4 potions of agility
 s - 6 potions of cancellation
 u - 7 potions of brilliance
 z - 5 potions of haste
 C - 4 potions of berserk rage
 D - 9 potions of magic
 T - 2 potions of mutation
Books
 J - a manual of Transmutations
 X - a manual of Stealth
Miscellaneous
 b - 5 phantom mirrors
Comestibles
 f - 59 rations


   Skills:
 O Level 27 Fighting
 - Level 25.0 Axes
   Level 2.0(15.0) Maces & Flails
 - Level 22.5 Armour
 - Level 18.8 Dodging
 + Level 0.2 Stealth
 - Level 22.0 Shields
 - Level 2.4 Spellcasting
 - Level 9.2 Charms
 - Level 12.0 Translocations
 - Level 8.8 Air Magic
 O Level 27 Invocations
 - Level 19.0 Evocations


You had 20 spell levels left.
You knew the following spells:

 Your Spells              Type           Power        Failure   Level  Hunger
a - Apportation           Tloc           #####.       1%          1    #......
b - Blink                 Tloc           N/A          1%          2    ###....
c - Swiftness             Chrm/Air       ####....     3%          2    ###....
d - Lesser Beckoning      Tloc           #####.....   2%          3    ###....
e - Song of Slaying       Chrm           ####....     3%          2    ###....

Your spell library contained the following spells:

 Spells                   Type           Power        Failure   Level  Hunger
 Shroud of Golubria       Chrm/Tloc      #####.....   1%          2    ###....
 Infusion                 Chrm           ####         2%          1    #......
 Gell's Gravitas          Tloc           #####.....   2%          3    ###....
 Teleport Other           Tloc           #####...     2%          3    ###....
 Passage of Golubria      Tloc           N/A          7%          4    #####..
 Shock                    Conj/Air       ###.         16%         1    #......
 Poisonous Vapours        Pois/Air       ###...       24%         2    ###....
 Portal Projectile        Hex/Tloc       ###...       26%         3    ###....
 Recall                   Summ/Tloc      N/A          26%         3    ###....
 Airstrike                Air            ####......   26%         4    #####..
 Ozocubu's Armour         Chrm/Ice       ###.....     41%         3    ###....
 Regeneration             Chrm/Necr      ###.......   41%         3    ###....
 Spectral Weapon          Hex/Chrm       ###.....     41%         3    ###....
 Static Discharge         Conj/Air       ###.....     43%         3    ###....
 Force Lance              Conj/Tloc      ###.....     63%         4    #####..
 Mephitic Cloud           Conj/Pois/Air  ##......     65%         3    ###....
 Animate Skeleton         Necr           N/A          69%         1    #......
 Beastly Appendage        Tmut           #.....       69%         1    #......
 Confusing Touch          Hex            #.....       69%         1    #......
 Corona                   Hex            #......      69%         1    #......
 Flame Tongue             Conj/Fire      #....        69%         1    #......
 Freeze                   Ice            #...         69%         1    #......
 Magic Dart               Conj           #...         69%         1    #......
 Pain                     Necr           #...         69%         1    #......
 Sandblast                Erth           #.....       69%         1    #......
 Summon Butterflies       Summ           #.......     69%         1    #......
 Dispersal                Tloc           #####.....   73%         6    #######
 Call Imp                 Summ           #.......     83%         2    ###....
 Corpse Rot               Necr           N/A          83%         2    ###....
 Ensorcelled Hibernation  Hex/Ice        #.....       83%         2    ###....
 Passwall                 Tmut/Erth      #.......     83%         2    ###....
 Searing Ray              Conj           #.....       83%         2    ###....
 Slow                     Hex            #.......     83%         2    ###....
 Sticks to Snakes         Tmut           #.......     83%         2    ###....
 Sublimation of Blood     Necr           #.........   83%         2    ###....
 Throw Frost              Conj/Ice       #.....       83%         2    ###....
 Summon Lightning Spire   Summ/Air       ###.....     85%         4    #####..
 Summon Forest            Summ/Tloc      ###.......   93%         5    ######.
 Call Canine Familiar     Summ           #.......     96%         3    ###....
 Confuse                  Hex            #.......     96%         3    ###....
 Conjure Flame            Conj/Fire      #.......     96%         3    ###....
 Dazzling Spray           Conj/Hex       #.....       96%         3    ###....
 Ignite Poison            Fire/Tmut/Pois #.......     96%         3    ###....
 Inner Flame              Hex/Fire       #.......     96%         3    ###....
 Spider Form              Tmut/Pois      #.........   96%         3    ###....
 Stone Arrow              Conj/Erth      #.....       96%         3    ###....
 Summon Guardian Golem    Hex/Summ       #.......     96%         3    ###....
 Tukima's Dance           Hex            #.......     96%         3    ###....
 Vampiric Draining        Necr           #.........   96%         3    ###....
 Deflect Missiles         Chrm/Air       ####......   98%         6    #######
 Excruciating Wounds      Chrm/Necr      ###.......   99%         5    ######.
 Iskenderun's Battlesphe  Conj/Chrm      ###.....     99%         5    ######.
 Lightning Bolt           Conj/Air       ###.......   99%         5    ######.
 Silence                  Hex/Air        ###.......   99%         5    ######.
 Animate Dead             Necr           N/A          100%        4    #####..
 Cause Fear               Hex            #.........   100%        4    #####..
 Fulminant Prism          Conj/Hex       #.........   100%        4    #####..
 Ice Form                 Ice/Tmut       #.......     100%        4    #####..
 Iskenderun's Mystic Bla  Conj           #.......     100%        4    #####..
 Leda's Liquefaction      Hex/Erth       #.........   100%        4    #####..
 Petrify                  Tmut/Erth      #.......     100%        4    #####..
 Summon Ice Beast         Ice/Summ       #.......     100%        4    #####..
 Throw Icicle             Conj/Ice       #.......     100%        4    #####..
 Agony                    Necr           #.......     100%        5    ######.
 Alistair's Intoxication  Tmut/Pois      #.......     100%        5    ######.
 Aura of Abjuration       Summ           #.........   100%        5    ######.
 Blade Hands              Tmut           #.........   100%        5    ######.
 Bolt of Draining         Conj/Necr      #.........   100%        5    ######.
 Bolt of Magma            Conj/Fire/Erth #.........   100%        5    ######.
 Borgnjor's Vile Clutch   Necr/Erth      #.........   100%        5    ######.
 Dispel Undead            Necr           #.......     100%        5    ######.
 Irradiate                Conj/Tmut      #.........   100%        5    ######.
 Lee's Rapid Deconstruct  Erth           #.........   100%        5    ######.
 Metabolic Englaciation   Hex/Ice        #.........   100%        5    ######.
 Summon Demon             Summ           #.........   100%        5    ######.
 Summon Mana Viper        Hex/Summ       #.......     100%        5    ######.
 Venom Bolt               Conj/Pois      #.........   100%        5    ######.
 Yara's Violent Unravell  Hex/Tmut       #.........   100%        5    ######.
 Bolt of Cold             Conj/Ice       #.........   100%        6    #######
 Bolt of Fire             Conj/Fire      #.........   100%        6    #######
 Darkness                 Hex            #.........   100%        6    #######
 Death Channel            Necr           #.........   100%        6    #######
 Freezing Cloud           Conj/Ice/Air   ##........   100%        6    #######
 Hydra Form               Tmut           #.........   100%        6    #######
 Iron Shot                Conj/Erth      #.........   100%        6    #######
 Ozocubu's Refrigeration  Ice            #.........   100%        6    #######
 Poison Arrow             Conj/Pois      #.........   100%        6    #######
 Shadow Creatures         Summ           N/A          100%        6    #######
 Simulacrum               Ice/Necr       #.........   100%        6    #######
 Statue Form              Tmut/Erth      #........    100%        6    #######
 Malign Gateway           Summ/Tloc      ###.......   100%        7    #######
 Monstrous Menagerie      Summ           #.........   100%        7    #######
 Orb of Destruction       Conj           #.........   100%        7    #######
 Ring of Flames           Chrm/Fire      ###.......   100%        7    #######
 Spellforged Servitor     Conj/Summ      #.........   100%        7    #######
 Summon Greater Demon     Summ           #.........   100%        7    #######
 Summon Hydra             Summ           #.........   100%        7    #######
 Chain Lightning          Conj/Air       ###.......   100%        8    #######
 Controlled Blink         Tloc           N/A          100%        8    #######
 Discord                  Hex            #.........   100%        8    #######
 Disjunction              Tloc           #####.....   100%        8    #######
 Lehudib's Crystal Spear  Conj/Erth      #.........   100%        8    #######
 Summon Horrible Things   Summ           #.........   100%        8    #######
 Fire Storm               Conj/Fire      #.........   100%        9    #######
 Glaciate                 Conj/Ice       #.........   100%        9    #######
 Shatter                  Erth           #.........   100%        9    #######


Dungeon Overview and Level Annotations

Branches:
Dungeon (15/15)            Temple (1/1) D:4            Lair (6/6) D:9
 Shoals (4/4) Lair:2        Snake (4/4) Lair:3        Slime (0/5) Lair:6
    Orc (2/2) D:10            Elf (3/3) Orc:2        Vaults (5/5) D:14
  Crypt (3/3) Vaults:3       Tomb (3/3) Crypt:3      Depths (5/5) D:15
    Zot (5/5) Depths:5

Altars:
Ashenzari
Cheibriados
Dithmenos
Elyvilon
Fedhas
Gozag
Hepliaklqana
Kikubaaqudgha
Makhleb
Nemelex Xobeh
Okawaru
Qazlal
Ru
Sif Muna
Trog
Uskayaw
Vehumet
Wu Jian
Xom
Yredelemnul
Zin
The Shining One
Jiyva
Lugonu

Shops:
D:8 !   D:12 }   Orc:1 ?   Orc:2 =(*(   Elf:1 (*=!   Elf:2 =}:[%   Snake:2 !
Vaults:1 =   Vaults:3 ?   Vaults:5 [

Portals:
Hell: Depths:1 Depths:2 Depths:3 Depths:4 Depths:5
Abyss: Depths:1 Depths:2 Depths:4 Depths:5
Pandemonium: Depths:2 Depths:3 Depths:4

Annotations:
Crypt:3 1 runed translucent door, Lanoc's ghost, adept DsGl


Innate Abilities, Weirdness & Mutations

You have a pair of small antennae on your head.
You possess an exceptional clarity of mind.
Your mind is acute. (Int +2)


Message History

You are splashed with acid.
You resist.
* * * LOW HITPOINT WARNING * * *
The acid blob spits acid at you.
The splash of acid hits you but does no damage.
The acid corrodes you!
You are splashed with acid!
You resist.
* * * LOW HITPOINT WARNING * * *
The great orb of eyes bites you.
* * * LOW HITPOINT WARNING * * *
The large slime creature hits you.
* * * LOW HITPOINT WARNING * * *
The great orb of eyes bites you but does no damage.
The acid blob jiggles.
The acid blob hits you!
* * * LOW HITPOINT WARNING * * *
You are splashed with acid.
You resist.
* * * LOW HITPOINT WARNING * * *
The acid blob hits you.
* * * LOW HITPOINT WARNING * * *
The acid corrodes you!
You are splashed with acid.
You resist.
You die...

▓▓▓▓▓▓▓▓▓▓▓
▓▓.........▓▓
▓▓...........▓▓
▓▓!............▓▓
▓▓∩)..JGG........▓▓
▓:>[)GJ@........∩.▓
▓▓∩|..J..........▓▓
▓▓.............▓▓
▓▓...........▓▓
▓▓.........▓▓
▓▓▓▓▓▓▓▓▓▓▓


You could see 2 acid blobs, 2 great orbs of eyes, a large slime creature and an
eye of draining.

Vanquished Creatures
  4 orbs of fire
  7 ancient liches (Zot:5)
  6 juggernauts
  22 greater mummies
  Sojobo (Depths:1)
  Saint Roka (Vaults:5)
  13 Killer Klowns
  Frederick (Vaults:3)
  6 curse toes
  8 golden dragons
  A pandemonium lord (Zig:7)
  Jory (Crypt:3)
  the Enchantress (Depths:4)
  Nikola (Shoals:2)
  A bone dragon (Zig:8)
  An iron giant (Zot:5)
  2 electric golems (Zot:5)
  2 pearl dragons (Zig:5)
  A Tzitzimitl (Zig:7)
  A hellephant (Depths:4)
  8 liches
  25 Orb Guardians (Zot:5)
  18 tentacled monstrosities
  4 titans
  10 quicksilver dragons
  A moon troll (WizLab)
  2 deep elf blademasters (Elf:3)
  5 deep elf master archers
  6 death cobs
  10 ancient champions
  6 tentacled starspawn (WizLab)
  Kirke (Lair:5)
  9 shadow dragons
  9 sphinxes
  9 storm dragons
  A warmonger (Zig:7)
  Roxanne (D:14)
  6 nagarajas (Snake:4)
  A revenant (Crypt:2)
  13 fire giants
  9 tengu reavers
  14 frost giants
  A daeva (Depths:3)
  8 draconian knights
  20 vault wardens
  6 draconian monks
  An iron dragon (Vaults:4)
  A caustic shrike zombie (Depths:2)
  2 ghost moths
  A balrug (Depths:1)
  3 imperial myrmidons (Desolation)
  7 curse skulls
  9 deep elf sorcerers
  9 draconian shifters
  2 cacodemons
  An emperor scorpion (Zig:9)
  9 draconian scorchers
  10 ghouls
  7 deep elf elementalists
  28 ironheart preservers
  4 draconian stormcallers
  3 orc warlords (Zig:10)
  7 draconian annihilators
  6 entropy weavers
  2 angels
  4 spriggan defenders (Depths:4)
  5 war gargoyles
  20 stone giants
  5 reapers
  46 very ugly things
  12 green draconians
  16 vampire knights
  2 lorocyprocas
  7 deep elf demonologists
  4 bennus
  13 white draconians
  3 halazid warlocks (Desolation)
  Nessos (Lair:5)
  A minotaur (Gauntlet)
  18 dire elephants (Depths:4)
  13 deep elf annihilators
  13 black draconians
  12 red draconians
  3 spark wasps
  22 yellow draconians
  31 purple draconians
  7 merfolk impalers
  7 deep elf death magi
  2 merfolk javelineers (Shoals:4)
  Josephine (Shoals:1)
  12 fire dragons
  9 eidola
  7 deep elf high priests
  4 crystal guardians
  13 mummy priests
  16 ettins
  11 great orbs of eyes
  A quicksilver dragon zombie (Tomb:1)
  10 ragged hierophants
  12 yaktaur captains
  2 rakshasas
  9 ice dragons
  13 jiangshi
  4 hydras
  6 servants of whispers (Desolation)
  7 peacekeepers (Desolation)
  18 naga warriors
  2 spriggan air magi (Depths:4)
  33 vault guards
  A two-headed ogre (shapeshifter) (Zig:13)
  A shambling mangrove (Zig:3)
  An anaconda (shapeshifter) (Vaults:4)
  5 merfolk aquamancers
  11 centaur warriors
  7 death knights
  16 ogre magi
  31 dancing weapons
  12 anacondas
  47 death scarabs
  A satyr (Shoals:4)
  40 two-headed ogres
  5 death yaks (Lair:4)
  9 tengu warriors
  13 deep troll shamans
  8 spriggan berserkers
  20 vampire magi
  6 orc high priests
  7 deep troll earth magi
  10 naga sharpshooters
  3 storm dragon zombies (Crypt:3)
  25 deep elf knights
  5 shock serpents
  Nergalle (Orc:1)
  3 soul eaters
  2 sun demons (Depths:1)
  A titan skeleton (Zig:4)
  8 salamander mystics
  A fire crab (shapeshifter) (Depths:2)
  A storm dragon skeleton (Depths:2)
  3 cherubim (Zig:5)
  7 shadow wraiths
  2 iron trolls (Depths:4)
  A small abomination (Elf:3)
  A ghost moth zombie (Crypt:3)
  An anaconda zombie (Crypt:2)
  5 hell knights
  14 sea snakes
  An infernal demonspawn (Depths:2)
  29 deep trolls
  A swamp dragon (Zig:3)
  42 skeletal warriors
  2 large abominations
  An orange crystal statue (WizLab)
  An unseen horror (shapeshifter) (Zig:13)
  3 unseen horrors
  9 glowing orange brains
  3 golden dragon zombies (Crypt:3)
  24 ironbrand convokers
  A torturous demonspawn (Depths:2)
  10 flayed ghosts
  4 naga ritualists
  21 deep elf archers
  7 lindwurms
  An obsidian statue (Gauntlet)
  36 harpies
  A wolf spider zombie (Crypt:2)
  An iron dragon zombie (Crypt:3)
  20 phantasmal warriors
  12 necromancers
  An anaconda skeleton (Crypt:1)
  88 deep elf magi
  2 shadow dragon zombies (Crypt:3)
  15 orc knights
  2 harpies (shapeshifter)
  2 orb spiders (Zig:9)
  A wolf spider (shapeshifter) (Zig:4)
  5 wizards
  2 shining eyes (Depths:5)
  14 mana vipers
  4 orc sorcerers
  6 cyclopes
  3 human zombies
  6 wolf spiders
  A faun (shapeshifter) (D:13)
  2 frost giant zombies
  A moth of wrath (shapeshifter) (Vaults:4)
  3 fire giant zombies
  29 ugly things
  2 orb spiders (shapeshifter)
  12 fauns
  11 manticores
  A stone giant skeleton (Crypt:2)
  10 salamanders
  29 moths of wrath
  34 black mambas
  2 elephants (shapeshifter)
  4 centaur zombies
  A tengu skeleton (Vaults:3)
  9 merfolk sirens
  A frost giant skeleton (Crypt:3)
  28 naga magi
  2 ice statues (IceCv)
  A fire giant skeleton (Crypt:2)
  A guardian serpent (shapeshifter) (Zig:11)
  13 guardian serpents
  2 rust devils
  5 elephants
  23 vault sentinels
  A gargoyle (D:12)
  6 water nymphs
  A shock serpent zombie (Crypt:3)
  14 spiny frogs
  A torpor snail (Lair:5)
  8 eyes of devastation
  3 molten gargoyles (Lair:6)
  An eye of devastation (shapeshifter) (Vaults:5)
  An orange demon (Depths:2)
  A kobold demonologist (D:15)
  3 centaur skeletons
  9 komodo dragons
  A minotaur zombie (Gauntlet)
  An efreet (D:14)
  A hellion (Zig:7)
  9 freezing wraiths
  A demonic crawler (Zig:9)
  A tormentor (Zig:7)
  47 yaktaurs
  4 rime drakes
  An ice devil (Depths:3)
  A yaktaur (shapeshifter) (D:14)
  2 hellwings
  A troll (shapeshifter) (Depths:3)
  7 trolls
  A white draconian zombie (Crypt:1)
  4 hydra zombies
  42 guardian mummies
  6 tengu conjurers
  A green draconian skeleton (Crypt:3)
  3 meliai (D:15)
  A meliai (shapeshifter) (Vaults:4)
  2 polar bears (Lair:4)
  3 queen bees (shapeshifter)
  2 polar bears (shapeshifter)
  5 jumping spiders
  35 merfolk
  11 wind drakes
  12 hornets
  Grinder (D:3)
  26 slime creatures
  A tarantella zombie (Crypt:1)
  2 ice dragon zombies (Crypt:2)
  2 ettin zombies
  61 saltlings
  A slime creature (shapeshifter) (Depths:4)
  Prince Ribbit (D:9)
  4 dream sheep (Shoals:1)
  3 bog bodies
  7 blink frogs
  9 snapping turtles
  9 hippogriffs
  A snapping turtle (shapeshifter) (Depths:2)
  2 stone giant simulacra
  Sigmund (D:3)
  2 spriggan skeletons (Depths:2)
  12 redbacks
  4 shadows
  5 flying skulls
  17 vampires
  A ynoxinul (Depths:3)
  2 spriggans
  A tarantella (shapeshifter) (Elf:2)
  33 water elementals
  2 air elementals
  17 starcursed masses (WizLab)
  10 wyverns
  An orc simulacrum (Vaults:2)
  14 wraiths
  6 ushabtiu
  5 basilisks
  A fire bat (shapeshifter) (Vaults:3)
  4 tarantellas
  2 chaos spawn (Zig:2)
  7 fire elementals
  7 hogs (Lair:5)
  30 yaks
  2 neqoxecs
  4 steam dragons (Shoals:2)
  10 golden eyes
  2 hungry ghosts
  52 nagas
  A swamp worm (Gauntlet)
  10 vampire mosquitoes
  A soldier ant (D:13)
  5 wargs
  A merfolk zombie (Crypt:3)
  A faun zombie (Crypt:2)
  3 acid dragons
  4 hell hounds (Lair:6)
  A tengu zombie (Depths:2)
  A floating eye (shapeshifter) (Vaults:3)
  4 water moccasins
  7 porcupines
  A floating eye (Depths:5)
  A gelid demonspawn skeleton (Crypt:3)
  4 phantoms
  20 ice beasts
  2 sky beasts (D:15)
  45 orc warriors
  2 ettin simulacra
  A black bear (shapeshifter) (Depths:2)
  2 eyes of draining
  3 necrophages
  55 ogres
  6 boggarts (Depths:3)
  3 snapping turtle skeletons
  A boggart (shapeshifter) (Zig:13)
  10 wolves
  An elephant skeleton (Crypt:1)
  A snapping turtle zombie (Crypt:2)
  27 centaurs
  15 crocodiles
  A human skeleton (Vaults:2)
  A hippogriff zombie (Crypt:2)
  3 earth elementals
  2 big kobolds
  A wyvern zombie (Crypt:2)
  19 bullfrogs
  3 water moccasin zombies (Ossuary)
  An elf simulacrum (Vaults:1)
  A salamander skeleton (Crypt:2)
  A cyclops skeleton (Crypt:3)
  A troll zombie (Crypt:3)
  7 scorpions
  3 killer bees (D:11)
  A troll skeleton (Crypt:2)
  10 wights
  A yak skeleton (Crypt:1)
  A howler monkey (D:4)
  5 lava snakes (Lair:6)
  8 crimson imps
  A wolf skeleton (Crypt:2)
  2 bullfrog zombies
  A quasit (Depths:2)
  A human simulacrum (Vaults:1)
  25 orc priests
  11 hounds
  2 soldier ant zombies
  A gnoll shaman (D:8)
  3 iron imps (Depths:2)
  A bullfrog skeleton (D:10)
  35 orc wizards
  Jessica (D:3)
  5 iguanas
  A demonspawn skeleton (Crypt:2)
  13 worker ants
  2 big kobold zombies (Ossuary)
  A crocodile zombie (Crypt:2)
  A deep dwarf zombie (Crypt:3)
  42 mummies
  A howler monkey zombie (D:7)
  A howler monkey skeleton (D:5)
  2 worker ant zombies
  9 adders
  14 gnolls
  7 shadow imps
  A white imp (Gauntlet)
  2 ufetubi (Depths:2)
  3 oozes
  A lava snake zombie (Crypt:1)
  3 adder skeletons (D:4)
  9 adder zombies
  3 worms
  4 leopard geckos
  123 orcs
  3 ball pythons
  A bat zombie (Crypt:1)
  2 giant cockroaches
  2 gnoll zombies (Ossuary)
  8 goblins
  A hobgoblin (D:3)
  15 jackals
  6 quokkas
  A ball python zombie (Crypt:1)
  6 bats
  4 frilled lizards
  11 hobgoblin zombies (Ossuary)
  A jackal zombie (Crypt:3)
  14 kobolds
  7 kobold zombies (Ossuary)
  3 orc zombies (Ossuary)
  A quokka skeleton (D:4)
  6 rats
  A rat skeleton (Crypt:3)
  6 crawling corpses
  4 fungi
  8 plants
  9 starspawn tentacles (WizLab)
3195 creatures vanquished.

Vanquished Creatures (collateral kills)
  2 greater mummies (Tomb:1)
  A deep elf elementalist (Elf:3)
  A deep elf death mage (Elf:3)
  A mummy priest (Tomb:1)
  2 death scarabs (Tomb:3)
  2 guardian mummies
  A mummy (Tomb:1)
10 creatures vanquished.

Vanquished Creatures (others)
  3 deep elf master archers
  2 ironheart preservers
  2 stone giants
  A merfolk javelineer (Shoals:4)
  4 yaktaur captains
  2 centaur warriors
  3 satyrs
  2 dancing weapons (Zig:11)
  5 naga sharpshooters
  A deep elf knight (Elf:3)
  5 deep elf archers
  A naga ritualist (Snake:4)
  A cyclops (D:15)
  5 fauns
  A deep elf mage (Elf:1)
  A guardian serpent (Desolation)
  15 yaktaurs
  A slime creature (Vaults:1)
  A water elemental (Depths:3)
  2 nagas
  A hell hound (Lair:6)
  2 ogres
  2 centaurs
  An earth elemental (Elf:3)
  2 orc wizards
  An orc (Orc:2)
  A crawling corpse (Depths:4)
  A demonic plant (WizLab)
  92 fungi
  95 plants
  7 starspawn tentacles (WizLab)
263 creatures vanquished.

Grand Total: 3468 creatures vanquished

Notes
Turn   | Place    | Note
-------+----------+-------------------------------------------
     0 | D:1      | Ijustatesigmund the Hill Orc Fighter began the quest for
                  | the Orb.
     0 | D:1      | Reached XP level 1. HP: 19/19 MP: 1/1
   285 | D:1      | Reached XP level 2. HP: 27/27 MP: 2/2
   700 | D:2      | Reached XP level 3. HP: 28/33 MP: 3/3
  1300 | D:3      | Reached XP level 4. HP: 41/41 MP: 4/4
  1327 | D:3      | Noticed Jessica
  1333 | D:3      | Killed Jessica
  1333 | D:3      | Reached skill level 5 in Axes
  1419 | D:3      | Noticed Grinder
  1432 | D:3      | Killed Grinder
  1432 | D:3      | Reached skill level 5 in Fighting
  1432 | D:3      | Reached XP level 5. HP: 17/49 MP: 5/5
  1432 | D:3      | Reached XP level 6. HP: 19/56 MP: 6/6
  1774 | D:3      | Found a shimmering altar of Xom.
  1775 | D:3      | Found a snail-covered altar of Cheibriados.
  1778 | D:3      | Noticed Sigmund
  1801 | D:3      | Killed Sigmund
  1801 | D:3      | Reached skill level 1 in Dodging
  1801 | D:3      | Reached XP level 7. HP: 36/61 MP: 7/7
  2264 | D:4      | Noticed a hippogriff
  2275 | D:4      | Killed a hippogriff
  2508 | D:4      | Reached skill level 5 in Shields
  2625 | D:4      | Reached skill level 5 in Armour
  2625 | D:4      | Reached XP level 8. HP: 47/69 MP: 8/8
  2730 | D:4      | Found a staircase to the Ecumenical Temple.
  3410 | D:5      | Entered Level 5 of the Dungeon
  4087 | D:6      | Found a white marble altar of Elyvilon.
  4398 | D:6      | Reached XP level 9. HP: 77/78 MP: 9/9
  4574 | Temple   | Entered the Ecumenical Temple
  4971 | D:6      | Found a burning altar of Makhleb.
  5905 | D:7      | Found a glowing silver altar of Zin.
  6007 | D:7      | Found a sand-covered staircase.
  6018 | D:7      | HP: 6/121 [orc warrior/+2 trident of freezing (4)]
  6261 | Ossuary  | Entered an ossuary
  6556 | Ossuary  | Reached skill level 10 in Axes
  6638 | Ossuary  | Reached XP level 10. HP: 90/90 MP: 10/10
  6710 | Ossuary  | Identified a scroll of acquirement
  7794 | D:8      | Found Semmugg's Distillery.
  7815 | D:8      | Bought a potion of haste for 120 gold pieces
  7815 | D:8      | Bought a potion of heal wounds for 60 gold pieces
  7815 | D:8      | Bought 2 potions of heal wounds for 120 gold pieces
  7960 | D:8      | Found a bloodstained altar of Trog.
  8069 | D:9      | Reached skill level 10 in Fighting
  8168 | D:9      | Noticed an elephant
  8169 | D:9      | Found a staircase to the Lair.
  8181 | D:9      | Killed an elephant
  8274 | D:9      | Noticed a purple ugly thing
  8286 | D:9      | Killed a purple ugly thing
  8286 | D:9      | Reached XP level 11. HP: 68/101 MP: 11/11
  8771 | D:9      | Noticed Prince Ribbit
  8776 | D:9      | Killed Prince Ribbit
  8815 | D:9      | Found a glowing golden altar of the Shining One.
  8846 | D:9      | Became a worshipper of the Shining One
  8939 | D:10     | Entered Level 10 of the Dungeon
  9065 | D:10     | Reached skill level 1 in Invocations
  9066 | D:10     | Found a staircase to the Orcish Mines.
  9450 | D:10     | Noticed a two-headed ogre
  9460 | D:10     | Killed a two-headed ogre
  9614 | D:11     | Reached * piety under the Shining One
  9648 | D:11     | Noticed an unseen horror
  9660 | D:11     | Killed an unseen horror
 10017 | D:11     | Noticed a purple ugly thing
 10042 | D:11     | Killed a purple ugly thing
 10133 | D:11     | Noticed a two-headed ogre
 10133 | D:11     | Reached ** piety under the Shining One
 10149 | D:11     | Killed a two-headed ogre
 10149 | D:11     | Reached skill level 5 in Invocations
 10843 | D:12     | Found Haucw's Gadget Boutique.
 10991 | D:11     | Reached XP level 12. HP: 75/112 MP: 15/17
 11696 | D:13     | Noticed a tengu warrior
 11710 | D:13     | Killed a tengu warrior
 11911 | D:13     | Found a sparkling altar of Nemelex Xobeh.
 11911 | D:13     | Noticed a centaur warrior
 11926 | D:13     | Killed a centaur warrior
 11926 | D:13     | Reached skill level 5 in Dodging
 12534 | D:13     | Reached skill level 10 in Invocations
 12536 | D:13     | Gained mutation: You are partially covered in large bone
                  | plates. (SH +4) [potion of mutation]
 12536 | D:13     | Gained mutation: You are partially covered in slimy green
                  | scales. (AC +2) [potion of mutation]
 12802 | Orc:1    | Entered Level 1 of the Orcish Mines
 12802 | Orc:1    | Noticed Nergalle
 12811 | Orc:1    | Reached *** piety under the Shining One
 12818 | Orc:1    | Killed Nergalle
 12841 | Orc:1    | Reached skill level 15 in Axes
 12859 | Orc:1    | Found a frozen archway.
 12913 | IceCv    | Entered an ice cave
 13813 | IceCv    | Noticed an ice dragon
 13813 | IceCv    | Noticed an ice dragon
 13822 | IceCv    | Killed an ice dragon
 13822 | IceCv    | Reached XP level 13. HP: 111/119 MP: 17/21
 13838 | IceCv    | Found the cursed necklace of Bloodlust {*Rage +Rage MR++
                  | Int-3 Slay+6 *Curse}
 13851 | IceCv    | Killed an ice dragon
 13863 | IceCv    | Got a smoking ruby amulet
 13865 | IceCv    | Identified the amulet of the Hero {Faith *Slow rN++ Dex+4}
                  | (You found it in an ice cave)
 14319 | Orc:2    | Entered Level 2 of the Orcish Mines
 14323 | Orc:2    | Found a staircase to the Elven Halls.
 14831 | Orc:1    | Found Otis's Magic Scroll Shoppe.
 14837 | Orc:1    | Bought a scroll of identify for 26 gold pieces
 14837 | Orc:1    | Bought a scroll of identify for 26 gold pieces
 14837 | Orc:1    | Bought a scroll of identify for 26 gold pieces
 15247 | Orc:2    | Reached XP level 14. HP: 64/132 MP: 23/23
 15372 | Orc:2    | Found Uwuibrof's Antique Weapon Boutique.
 15372 | Orc:2    | Found Ynuc Soq's General Store.
 15373 | Orc:2    | Found Kahuv's Antique Weapon Shoppe.
 15373 | Orc:2    | Found Xeiseih's Jewellery Shop.
 15384 | Orc:2    | Bought a scroll of identify for 26 gold pieces
 16157 | Lair:1   | Entered Level 1 of the Lair of Beasts
 17364 | Lair:2   | Found a staircase to the Shoals.
 17364 | Lair:2   | Reached **** piety under the Shining One
 17501 | Lair:3   | Found a staircase to the Snake Pit.
 18448 | Lair:4   | Reached skill level 15 in Fighting
 18569 | Lair:4   | Got a heavily runed ring mail
 18580 | Lair:4   | Identified the cursed +1 ring mail of the Ditch-Digger
                  | {Regen+ Dex+4} (You found it on level 4 of the Lair of
                  | Beasts)
 19588 | Lair:5   | Noticed Nessos
 19601 | Lair:5   | Killed Nessos
 19678 | Lair:5   | Noticed Kirke
 19920 | Lair:5   | Killed Kirke
 19920 | Lair:5   | Reached XP level 15. HP: 141/141 MP: 25/25
 20533 | Lair:6   | Entered Level 6 of the Lair of Beasts
 21029 | Lair:6   | Found a viscous altar of Jiyva.
 21030 | Lair:6   | Found a staircase to the Slime Pits.
 21256 | Lair:6   | Reached skill level 10 in Armour
 21670 | Lair:6   | Found a large runed translucent door.
 21671 | Lair:6   | Found a large runed translucent door.
 21727 | Lair:6   | Got a jewelled cloak
 21738 | Lair:6   | Identified the +0 cloak of Dice, Bag, and Bottle {rElec rF+
                  | rC- Str+6} (You acquired it on level 6 of the Lair of
                  | Beasts)
 22150 | D:14     | Found a gate leading to a gauntlet.
 22158 | Gauntlet | Entered a Gauntlet
 22158 | Gauntlet | Found a transporter.
 22158 | Gauntlet | Found a transporter.
 22166 | Gauntlet | Found a transporter.
 22170 | Gauntlet | Found a transporter.
 22170 | Gauntlet | Found a transporter.
 22171 | Gauntlet | Found a transporter.
 22200 | Gauntlet | Found a transporter.
 22204 | Gauntlet | Found a transporter.
 22212 | Gauntlet | Found a transporter.
 22230 | Gauntlet | Found a transporter.
 22246 | Gauntlet | Found a transporter.
 22249 | Gauntlet | Found a transporter.
 22251 | Gauntlet | Found a runed translucent gate.
 22251 | Gauntlet | Found a runed translucent gate.
 22251 | Gauntlet | Found a runed translucent gate.
 22360 | Gauntlet | Got a coiled platinum ring
 22362 | Gauntlet | Identified the ring of Kimor {rPois Str+6} (You found it in
                  | a Gauntlet)
 22405 | Gauntlet | Identified Vyklurus's Tome of the Oath
 22406 | Gauntlet | Found the +9 heavy crossbow "Sniper" {velocity, Acc+∞ SInv}
 22412 | Gauntlet | Got a faintly humming chain mail
 22412 | Gauntlet | Got a pair of blackened boots
 22412 | Gauntlet | Got a pair of brightly glowing gloves
 22457 | Gauntlet | Identified the cursed +0 chain mail of Onuril {*Corrode
                  | +Blink rF+ MR++} (You found it in a Gauntlet)
 22467 | Gauntlet | Identified the cursed +0 pair of boots of Divine Compulsion
                  | {+Fly MP+9 Int+5 Slay+3} (You found it in a Gauntlet)
 22477 | Gauntlet | Identified the +1 pair of gloves of Kajyatur {rC- Regen+
                  | Dex+3 Stlth+} (You found it in a Gauntlet)
 22551 | D:14     | Reached ***** piety under the Shining One
 22694 | D:14     | Reached skill level 1 in Evocations
 22710 | D:14     | Found a gate to the Vaults.
 22901 | D:14     | Identified Roxanne's Disquisition on the Mountains
 22901 | D:14     | Noticed Roxanne
 22922 | D:14     | Killed Roxanne
 23221 | D:15     | Entered Level 15 of the Dungeon
 23644 | D:15     | Reached skill level 15 in Invocations
 23813 | D:15     | Reached XP level 16. HP: 149/149 MP: 27/27
 23952 | D:15     | Found a staircase to the Depths.
 24370 | Shoals:1 | Entered Level 1 of the Shoals
 24370 | Shoals:1 | Noticed Josephine
 24382 | Shoals:1 | Killed Josephine
 24402 | Shoals:1 | Reached skill level 5 in Evocations
 25075 | Shoals:2 | Noticed Nikola
 25084 | Shoals:2 | Killed Nikola
 25902 | Shoals:3 | Reached skill level 1 in Maces & Flails
 25903 | Shoals:3 | Reached skill level 10 in Shields
 26265 | Shoals:3 | Reached XP level 17. HP: 156/156 MP: 29/29
 26419 | Shoals:4 | Entered Level 4 of the Shoals
 26631 | Shoals:4 | Reached ****** piety under the Shining One
 26761 | Shoals:4 | Identified the ring "Ofosterph" {*Tele Slay+3 SInv}
 27112 | Shoals:4 | Got a barnacled rune of Zot
 27398 | Snake:1  | Entered Level 1 of the Snake Pit
 27834 | Snake:1  | Found a white marble altar of Elyvilon.
 28216 | Snake:2  | Found Arol's Distillery.
 28220 | Snake:2  | Bought a potion of heal wounds for 90 gold pieces
 28220 | Snake:2  | Bought 2 potions of heal wounds for 180 gold pieces
 28381 | Snake:2  | Got a smoking war axe
 28382 | Snake:2  | Identified the +7 war axe "Vess" {freeze, rF++ Str+3 Dex+4}
                  | (You found it on level 2 of the Snake Pit)
 28993 | Snake:3  | Reached XP level 18. HP: 160/168 MP: 30/30
 30241 | Snake:4  | Entered Level 4 of the Snake Pit
 31432 | Snake:4  | Reached XP level 19. HP: 123/174 MP: 32/32
 31713 | Snake:4  | Got a serpentine rune of Zot
 32343 | Vaults:1 | Entered Level 1 of the Vaults
 32396 | Vaults:1 | Found a ruined gateway.
 32400 | Vaults:1 | Found Ysipeh's Jewellery Shop.
 32407 | Desolati | Entered the Desolation of Salt
 32592 | Desolati | Upgraded the game from 0.24-a0-70-gf44d0c5 to
                  | 0.24-a0-84-g25a2d9f
 32772 | Desolati | Got a steaming helmet
 32778 | Desolati | Identified the +4 helmet of Ykimp {rElec rPois Int+2} (You
                  | found it in the Desolation of Salt)
 32977 | Desolati | Identified the +2 leather armour of Wariness {rN++} (You
                  | found it in the Desolation of Salt)
 33114 | Desolati | Got a transparent iron ring
 33116 | Desolati | Identified the ring of Wyomn {rPois MR+ Int+2 Stlth-} (You
                  | found it in the Desolation of Salt)
 33128 | Desolati | Got an ancient hand axe
 33129 | Desolati | Identified the +6 hand axe of Hepliaklqana's Esteem
                  | {freeze, +Blink rN+ Int-4 Stlth+} (You found it in the
                  | Desolation of Salt)
 33139 | Desolati | Identified the Disquisition on Conjuration and Changing
 33143 | Desolati | Got a shimmering brass ring
 33145 | Desolati | Identified the ring of Zimamup {*Corrode AC+5 Slay+4} (You
                  | found it in the Desolation of Salt)
 33178 | Desolati | Identified the Incunabulum of Ashen Contamination
 33284 | Desolati | Found the +7 captain's cutlass {speed, disarm}
 33564 | Vaults:1 | Reached XP level 20. HP: 185/185 MP: 34/34
 34422 | Vaults:1 | Reached skill level 10 in Dodging
 34956 | Vaults:2 | Reached skill level 15 in Armour
 35440 | Vaults:2 | Reached XP level 21. HP: 180/196 MP: 35/35
 36129 | Vaults:3 | You fall through a shaft!
 36892 | Vaults:3 | Found Bofabrinn's Magic Scroll Shop.
 36944 | Vaults:3 | Bought a scroll of fog for 30 gold pieces
 36944 | Vaults:3 | Bought a scroll of fog for 30 gold pieces
 36944 | Vaults:3 | Bought a scroll of teleportation for 45 gold pieces
 37204 | Vaults:3 | Reached XP level 22. HP: 205/205 MP: 37/37
 37598 | Vaults:3 | Noticed Frederick
 37604 | Vaults:3 | Killed Frederick
 37632 | Vaults:3 | Identified the Handbook of Quantum Stolen Souls
 37636 | Vaults:3 | Learned a level 1 spell: Apportation
 37690 | Vaults:3 | Reached skill level 1 in Translocations
 37923 | Vaults:3 | Found a staircase to the Crypt.
 38436 | Elf:1    | Entered Level 1 of the Elven Halls
 38684 | Elf:1    | Reached skill level 5 in Translocations
 38778 | Elf:1    | Found Giodar's Antique Weapon Shop.
 38783 | Elf:1    | Found Bishrim's Jewellery Boutique.
 38783 | Elf:1    | Found Heuvovauhoh's Assorted Antiques.
 38788 | Elf:1    | Found Ogotuowo's Distillery.
 38791 | Elf:1    | Bought a hardcover book for 540 gold pieces
 38794 | Elf:1    | Learned a level 2 spell: Blink
 38797 | Elf:1    | Bought a potion of agility for 76 gold pieces
 38797 | Elf:1    | Bought a potion of curing for 57 gold pieces
 38797 | Elf:1    | Bought a potion of agility for 76 gold pieces
 38797 | Elf:1    | Bought a potion of might for 76 gold pieces
 38797 | Elf:1    | Bought 2 potions of berserk rage for 190 gold pieces
 38797 | Elf:1    | Bought a potion of heal wounds for 95 gold pieces
 38974 | Elf:1    | Identified the Disquisition on Battle Magic and the
                  | Entourage
 39060 | Elf:2    | Found Xeytwim's Jewellery Shoppe.
 39092 | Elf:2    | Found Oshuceb's Gadget Shoppe.
 39097 | Elf:2    | Bought a wand of acid (11) for 420 gold pieces
 39144 | Elf:2    | Found Teiss's Book Shop.
 39178 | Elf:2    | Found a runed translucent gate.
 39178 | Elf:2    | Found a runed translucent gate.
 39180 | Elf:2    | Found a runed translucent gate.
 39256 | Elf:2    | Found Qyjaqowa's Food Boutique.
 39375 | Elf:2    | Found Fetemoraczo's Antique Armour Emporium.
 39936 | Elf:2    | Reached XP level 23. HP: 193/213 MP: 38/38
 40050 | Elf:3    | Entered Level 3 of the Elven Halls
 40319 | Elf:3    | Reached skill level 10 in Evocations
 40474 | Elf:3    | Identified the +1 leather armour of the Falcon {MR+ Int+4}
 40713 | Elf:3    | Identified the Tome of Lucky Cold
 40716 | Elf:3    | Identified the cursed -2 pair of boots "Unalu" {-Cast rN+
                  | Dex+3} (You found it on level 3 of the Elven Halls)
 40724 | Elf:3    | Identified the cursed +0 hand axe "Cocashra" {flame, rPois}
                  | (You found it on level 3 of the Elven Halls)
 41615 | Crypt:1  | Entered Level 1 of the Crypt
 42706 | Crypt:2  | Reached XP level 24. HP: 223/223 MP: 38/38
 42984 | Crypt:2  | Identified the +10 morningstar of Agony {crush, rPois rC++
                  | Int+2 Dex-4}
 42990 | Crypt:2  | Found an ancient bone altar of Kikubaaqudgha.
 43571 | Crypt:3  | Entered Level 3 of the Crypt
 44085 | Crypt:3  | Paralysed by a sphinx for 7 turns
 44109 | Crypt:3  | Found a staircase to the Tomb.
 44491 | Crypt:3  | Found a runed translucent door.
 44491 | Crypt:3  | Noticed Lanoc's ghost (adept DsGl)
 44649 | Crypt:3  | Identified the cursed +1 flail of No Interval {venom, rN+
                  | MP+9}
 44659 | Crypt:3  | Learned a level 2 spell: Swiftness
 44748 | Crypt:3  | Reached skill level 1 in Air Magic
 44766 | Crypt:3  | Reached skill level 1 in Charms
 44819 | Crypt:3  | Noticed Jory
 44854 | Crypt:3  | Killed Jory
 45119 | Crypt:3  | Identified the ring "Zeng" {rF+ rN+ Int+5 Dex-3} (You found
                  | it on level 3 of the Crypt)
 45120 | Crypt:3  | Identified the ring of the Special Scars {*Slow rN+ Dex+5}
                  | (You found it on level 3 of the Crypt)
 45121 | Crypt:3  | Identified the ring of Zyrrig {-Tele rF+ rN+ Int+10} (You
                  | found it on level 3 of the Crypt)
 45421 | Tomb:1   | Entered Level 1 of the Tomb of the Ancients
 45437 | Tomb:1   | Reached XP level 25. HP: 202/233 MP: 38/38
 46132 | Tomb:1   | Noticed a greater mummy
 46140 | Tomb:1   | Noticed a greater mummy
 46158 | Tomb:1   | Killed a greater mummy
 46159 | Tomb:1   | Killed a greater mummy
 47415 | Vaults:5 | Entered Level 5 of the Vaults
 47418 | Vaults:5 | Reached skill level 5 in Air Magic
 47420 | Vaults:5 | Reached skill level 5 in Charms
 47885 | Vaults:5 | Reached XP level 26. HP: 246/246 MP: 38/38
 48033 | Vaults:5 | Identified the +2 crystal plate armour of Uchacury {Int+2}
                  | (You acquired it on level 5 of the Vaults)
 48057 | Vaults:5 | Got a silver rune of Zot
 48066 | Vaults:5 | Learned a level 3 spell: Lesser Beckoning
 48103 | Vaults:5 | Noticed Saint Roka
 48115 | Vaults:5 | Killed Saint Roka
 48115 | Vaults:5 | Reached skill level 10 in Translocations
 48196 | Vaults:5 | Identified the cursed +3 halberd of Ziproxtat {antimagic,
                  | *Slow rC++ Int+3}
 48196 | Vaults:5 | Identified the ring "Muvvupen" {*Corrode rF+ Slay+5 SInv
                  | Stlth+}
 48418 | Vaults:5 | Found Gysme's Antique Armour Shoppe.
 48424 | Vaults:5 | Bought a pearl-encrusted plate armour for 1008 gold pieces
 48424 | Vaults:5 | Bought a polished crystal plate armour for 3060 gold pieces
 48931 | Vaults:5 | Identified the amulet of Departure {Harm *Drain Str+2} (You
                  | found it on level 5 of the Vaults)
 48938 | Vaults:5 | Identified the cursed +1 ring mail of Spite {rC+} (You
                  | found it on level 5 of the Vaults)
 49101 | Vaults:5 | Identified the +6 plate armour of the Harvest {rPois rC+
                  | Slay+5} (You bought it in a shop on level 5 of the Vaults)
 49111 | Vaults:5 | Identified the +10 crystal plate armour of Coerr {rN+ MP+9}
                  | (You bought it in a shop on level 5 of the Vaults)
 49378 | Depths:1 | Entered Level 1 of the Depths
 49652 | Depths:1 | Noticed Sojobo
 49662 | Depths:1 | Killed Sojobo
 49846 | Depths:1 | Found a gateway to Hell.
 49897 | Depths:1 | Found a one-way gate to the infinite horrors of the Abyss.
 50163 | Depths:2 | Found a one-way gate leading to the halls of Pandemonium.
 50431 | Depths:2 | Reached XP level 27. HP: 176/254 MP: 38/38
 50838 | Depths:2 | Found a portal to a secret trove of treasure.
 51061 | Depths:2 | Found a white marble altar of Elyvilon.
 51924 | Depths:2 | You paid a toll of 15 potions of curing to enter a treasure
                  | trove
 51925 | Trove    | Entered a treasure trove
 51943 | Trove    | Got a pair of pitted gloves
 51945 | Trove    | Got twisted fire dragon scales
 51948 | Trove    | Got an encrusted ring mail
 51959 | Trove    | Identified the +1 pair of gloves "Xagitue" {+Blink rPois
                  | Dex-3} (You found it in a treasure trove)
 51969 | Trove    | Identified the cursed +0 ring mail of the Barnacle {rF+
                  | MR++ MP-9} (You found it in a treasure trove)
 51992 | Trove    | Identified the +3 fire dragon scales "Jaecato Hocw" {*Slow
                  | rF++ rC- MR++ Regen+ Int+3} (You found it in a treasure
                  | trove)
 52026 | Trove    | Got a transparent granite ring
 52029 | Trove    | Identified the ring "Acvakh" {+Fly rN+ Dex+4 SInv Stlth+}
                  | (You found it in a treasure trove)
 52033 | Trove    | Got a serpentine iron ring
 52034 | Trove    | Identified the ring "Qestor" {rCorr Dex+4} (You found it in
                  | a treasure trove)
 52605 | Depths:3 | Found a magical portal.
 52647 | WizLab   | Entered Lehudib's Moon Base
 52686 | WizLab   | Found a transporter.
 52688 | WizLab   | Found the +2 Maxwell's thermic engine {flame, freeze}
 53390 | WizLab   | Found a transporter.
 53502 | WizLab   | Got a transparent brass ring
 53504 | WizLab   | Identified the ring of Gaura {EV+1 Int+6} (You found it in
                  | a wizard's laboratory)
 53736 | WizLab   | Paralysed by accursed screaming for 1 turns
 53790 | WizLab   | Got a pitted ivory amulet
 53791 | WizLab   | Identified the amulet "Foaxt" {+Rage +Fly} (You found it in
                  | a wizard's laboratory)
 53822 | WizLab   | Identified Lehudib's Reference Book on the Warped Mountains
 54491 | Depths:3 | Found a bloodstained altar of Trog.
 54989 | Depths:4 | Identified the +3 faerie dragon scales {*Contam rPois
                  | Regen+ rCorr}
 54989 | Depths:4 | Noticed the Enchantress
 55011 | Depths:4 | Killed the Enchantress
 55021 | Depths:4 | Found a corrupted altar of Lugonu.
 55648 | Depths:5 | Entered Level 5 of the Depths
 55717 | Depths:5 | Found a gateway to a ziggurat.
 55721 | Depths:5 | Gained mutation: You are robust. (+10% HP) [a shining eye]
 55723 | Depths:5 | Paralysed by a floating eye for 3 turns
 55726 | Depths:5 | Gained mutation: You are occasionally teleported next to
                  | monsters. [a shining eye]
 55824 | Depths:5 | Found an iron altar of Okawaru.
 55977 | Depths:5 | Found a gate to the Realm of Zot.
 56063 | Depths:5 | Noticed a juggernaut
 56074 | Depths:5 | Killed a juggernaut
 56532 | Zot:1    | Entered Level 1 of the Realm of Zot
 57135 | Zot:1    | Identified the amulet "Gahuqeupp" {Acrobat +Blink rElec
                  | SInv} (You found it on level 1 of the Realm of Zot)
 57850 | Zot:2    | Reached skill level 27 in Invocations
 57932 | Zot:2    | Found a huge runed gate.
 57932 | Zot:2    | Found a huge runed gate.
 57932 | Zot:2    | Found a huge runed gate.
 57932 | Zot:2    | Found a huge runed gate.
 57935 | Zot:2    | Found a huge runed gate.
 57940 | Zot:2    | Found a huge runed gate.
 57954 | Zot:2    | Found a huge runed gate.
 57957 | Zot:2    | Found a huge runed gate.
 57958 | Zot:2    | Found a huge runed gate.
 57962 | Zot:2    | Found a huge runed gate.
 57962 | Zot:2    | Found a huge runed gate.
 57962 | Zot:2    | Found a huge runed gate.
 57962 | Zot:2    | Found a huge runed gate.
 57962 | Zot:2    | Found a huge runed gate.
 57962 | Zot:2    | Found a huge runed gate.
 57962 | Zot:2    | Found a huge runed gate.
 57969 | Zot:2    | Found a huge runed gate.
 58064 | Zot:2    | Found a huge runed gate.
 58064 | Zot:2    | Found a huge runed gate.
 58083 | Zot:2    | Found a huge runed gate.
 58084 | Zot:2    | Found a huge runed gate.
 58084 | Zot:2    | Found a huge runed gate.
 58084 | Zot:2    | Found a huge runed gate.
 58084 | Zot:2    | Found a huge runed gate.
 58084 | Zot:2    | Found a huge runed gate.
 58090 | Zot:2    | Found a huge runed gate.
 58090 | Zot:2    | Found a huge runed gate.
 58090 | Zot:2    | Found a huge runed gate.
 58090 | Zot:2    | Found a huge runed gate.
 58090 | Zot:2    | Found a huge runed gate.
 58119 | Zot:2    | Found a huge runed gate.
 58121 | Zot:2    | Found a huge runed gate.
 58475 | Zot:2    | Noticed an orb of fire
 58485 | Zot:2    | Gained mutation: You are weak. (Str -2) [an orb of fire]
 58488 | Zot:2    | Killed an orb of fire
 59032 | Zot:3    | Reached skill level 27 in Fighting
 60081 | Zot:4    | Reached skill level 15 in Dodging
 60995 | Zot:5    | Entered Level 5 of the Realm of Zot
 61149 | Zot:5    | Noticed an ancient lich
 61155 | Zot:5    | Lost mutation: You are robust. (+10% HP) [the power of Zot]
 61158 | Zot:5    | Killed an ancient lich
 61175 | Zot:5    | Noticed an ancient lich
 61187 | Zot:5    | Killed an ancient lich
 61190 | Zot:5    | Noticed an orb of fire
 61209 | Zot:5    | Killed an orb of fire
 61262 | Zot:5    | Noticed an ancient lich
 61274 | Zot:5    | Killed an ancient lich
 61286 | Zot:5    | Noticed an ancient lich
 61306 | Zot:5    | Killed an ancient lich
 61308 | Zot:5    | Noticed an orb of fire
 61311 | Zot:5    | Gained mutation: You are clumsy. (Dex -2) [an orb of fire]
 61312 | Zot:5    | Gained mutation: Your magical capacity is low. (-10% MP)
                  | [an orb of fire]
 61319 | Zot:5    | Noticed an ancient lich
 61322 | Zot:5    | Killed an orb of fire
 61330 | Zot:5    | Killed an ancient lich
 61442 | Zot:5    | Noticed an ancient lich
 61453 | Zot:5    | Killed an ancient lich
 61506 | Zot:5    | Noticed an ancient lich
 61519 | Zot:5    | Killed an ancient lich
 61566 | Zot:5    | Noticed an orb of fire
 61582 | Zot:5    | Killed an orb of fire
 62124 | Zot:5    | Lost mutation: You are partially covered in slimy green
                  | scales. (AC +2) [potion of mutation]
 62124 | Zot:5    | Lost mutation: You are weak. (Str -2) [potion of mutation]
 62124 | Zot:5    | Lost mutation: Your magical capacity is low. (-10% MP)
                  | [potion of mutation]
 62124 | Zot:5    | Gained mutation: You have a pair of small antennae on your
                  | head. [potion of mutation]
 62124 | Zot:5    | Gained mutation: You are partially covered in yellow
                  | scales. (AC +2) [potion of mutation]
 62124 | Zot:5    | Gained mutation: Your spells are a little harder to cast,
                  | but a little more powerful. [potion of mutation]
 62125 | Zot:5    | Lost mutation: You are clumsy. (Dex -2) [potion of
                  | mutation]
 62125 | Zot:5    | Lost mutation: You have a pair of small antennae on your
                  | head. [potion of mutation]
 62125 | Zot:5    | Lost mutation: You are partially covered in large bone
                  | plates. (SH +4) [potion of mutation]
 62125 | Zot:5    | Gained mutation: Your flesh is heat resistant. (rF+)
                  | [potion of mutation]
 62125 | Zot:5    | Gained mutation: You are sometimes teleported next to
                  | monsters. [potion of mutation]
 62125 | Zot:5    | Gained mutation: Your mind is acute. (Int +2) [potion of
                  | mutation]
 62126 | Zot:5    | Lost mutation: Your flesh is heat resistant. (rF+) [potion
                  | of mutation]
 62126 | Zot:5    | Lost mutation: Your mind is acute. (Int +2) [potion of
                  | mutation]
 62126 | Zot:5    | Lost mutation: Your spells are a little harder to cast, but
                  | a little more powerful. [potion of mutation]
 62126 | Zot:5    | Lost mutation: You are sometimes teleported next to
                  | monsters. [potion of mutation]
 62126 | Zot:5    | Gained mutation: Your body sometimes deteriorates upon
                  | taking damage. [potion of mutation]
 62126 | Zot:5    | Gained mutation: Your mind is acute. (Int +2) [potion of
                  | mutation]
 62127 | Zot:5    | Lost mutation: Your body sometimes deteriorates upon taking
                  | damage. [potion of mutation]
 62127 | Zot:5    | Lost mutation: You are partially covered in yellow scales.
                  | (AC +2) [potion of mutation]
 62127 | Zot:5    | Lost mutation: Your mind is acute. (Int +2) [potion of
                  | mutation]
 62127 | Zot:5    | Gained mutation: Armour fits poorly on your strangely
                  | shaped body. [potion of mutation]
 62127 | Zot:5    | Gained mutation: You passively map a small area around you.
                  | [potion of mutation]
 62127 | Zot:5    | Gained mutation: Your muscles are strong. (Str +2) [potion
                  | of mutation]
 62128 | Zot:5    | Lost mutation: Armour fits poorly on your strangely shaped
                  | body. [potion of mutation]
 62128 | Zot:5    | Lost mutation: Your muscles are strong. (Str +2) [potion of
                  | mutation]
 62128 | Zot:5    | Gained mutation: You are partially covered in icy blue
                  | scales. (AC +2) [potion of mutation]
 62128 | Zot:5    | Gained mutation: You are resistant to hostile enchantments.
                  | (MR+) [potion of mutation]
 62129 | Zot:5    | Lost mutation: You are resistant to hostile enchantments.
                  | (MR+) [potion of mutation]
 62129 | Zot:5    | Lost mutation: You passively map a small area around you.
                  | [potion of mutation]
 62129 | Zot:5    | Lost mutation: You are partially covered in icy blue
                  | scales. (AC +2) [potion of mutation]
 62129 | Zot:5    | Gained mutation: You possess an exceptional clarity of
                  | mind. [potion of mutation]
 62129 | Zot:5    | Gained mutation: You evolve. [potion of mutation]
 62130 | Zot:5    | Lost mutation: You possess an exceptional clarity of mind.
                  | [potion of mutation]
 62130 | Zot:5    | Gained mutation: You have a pair of small antennae on your
                  | head. [potion of mutation]
 62130 | Zot:5    | Gained mutation: You have a somewhat thin skeletal
                  | structure. (Dex +2, Stealth) [potion of mutation]
 62130 | Zot:5    | Gained mutation: Your spells are a little harder to cast,
                  | but a little more powerful. [potion of mutation]
 62130 | Zot:5    | Gained mutation: You are partially covered in yellow
                  | scales. (AC +2) [potion of mutation]
 62131 | Zot:5    | Lost mutation: Your spells are a little harder to cast, but
                  | a little more powerful. [potion of mutation]
 62131 | Zot:5    | Lost mutation: You evolve. [potion of mutation]
 62131 | Zot:5    | Lost mutation: You have a pair of small antennae on your
                  | head. [potion of mutation]
 62131 | Zot:5    | Gained mutation: Your body sometimes deteriorates upon
                  | taking damage. [potion of mutation]
 62131 | Zot:5    | Gained mutation: Your magical capacity is low. (-10% MP)
                  | [potion of mutation]
 62131 | Zot:5    | Gained mutation: You evolve. [potion of mutation]
 62132 | Zot:5    | Lost mutation: You evolve. [potion of mutation]
 62132 | Zot:5    | Lost mutation: Your magical capacity is low. (-10% MP)
                  | [potion of mutation]
 62132 | Zot:5    | Lost mutation: Your body sometimes deteriorates upon taking
                  | damage. [potion of mutation]
 62132 | Zot:5    | Gained mutation: You have an increased reservoir of magic.
                  | (+10% MP) [potion of mutation]
 62132 | Zot:5    | Gained mutation: You are resistant to hostile enchantments.
                  | (MR+) [potion of mutation]
 62132 | Zot:5    | Lost mutation: You have an increased reservoir of magic.
                  | (+10% MP) [potion of mutation]
 62132 | Zot:5    | Gained mutation: Your flesh is cold resistant. (rC+)
                  | [potion of mutation]
 62340 | Zig:1    | Entered Level 1 of a ziggurat
 62358 | Zig:2    | Entered Level 2 of a ziggurat
 62391 | Zig:3    | Entered Level 3 of a ziggurat
 62417 | Zig:3    | Got a faintly glowing ivory ring
 62418 | Zig:3    | Identified the cursed ring of Fuuses Duqos {rPois Str+4
                  | Int-3} (You found it on level 3 of a ziggurat)
 62431 | Zig:3    | Identified a +9 broad axe of holy wrath (a +9 broad axe of
                  | freezing blessed by the Shining One)
 62431 | Zig:3    | Received a gift from the Shining One
 62433 | Zig:4    | Entered Level 4 of a ziggurat
 62441 | Zig:4    | Reached skill level 1 in Spellcasting
 62469 | Zig:5    | Entered Level 5 of a ziggurat
 62490 | Zig:5    | Lost mutation: You are occasionally teleported next to
                  | monsters. [potion of mutation]
 62490 | Zig:5    | Lost mutation: Your flesh is cold resistant. (rC+) [potion
                  | of mutation]
 62490 | Zig:5    | Lost mutation: You are partially covered in yellow scales.
                  | (AC +2) [potion of mutation]
 62490 | Zig:5    | Lost mutation: You have a somewhat thin skeletal structure.
                  | (Dex +2, Stealth) [potion of mutation]
 62490 | Zig:5    | Gained mutation: You are clumsy. (Dex -2) [potion of
                  | mutation]
 62490 | Zig:5    | Gained mutation: You passively map a small area around you.
                  | [potion of mutation]
 62523 | Zig:6    | Entered Level 6 of a ziggurat
 62557 | Zig:7    | Entered Level 7 of a ziggurat
 62581 | Zig:7    | Noticed Onidus the pandemonium lord
 62583 | Zig:7    | Gained mutation: Scrolls take you a little longer to read.
                  | [a neqoxec]
 62594 | Zig:7    | Killed Onidus the pandemonium lord
 62898 | Zig:7    | Identified the cursed +2 hand axe of the Sea {drain, rElec
                  | Int+2} (You found it on level 7 of a ziggurat)
 62906 | Zig:8    | Entered Level 8 of a ziggurat
 63076 | Zig:9    | Entered Level 9 of a ziggurat
 63094 | Zig:9    | Found the +18 shield of the Gong {rElec rN+ MR+ EV-5}
 63160 | Zig:9    | Identified the Reference Book on Orientation
 63178 | Zig:10   | Entered Level 10 of a ziggurat
 63187 | Zig:10   | Noticed a juggernaut
 63187 | Zig:10   | Noticed a juggernaut
 63207 | Zig:10   | Killed a juggernaut
 63207 | Zig:10   | Reached skill level 15 in Shields
 63224 | Zig:10   | Killed a juggernaut
 63240 | Zig:10   | Identified the ring "Pillafu" {rPois rF+ Int+2 Dex+3
                  | Stlth+} (You found it on level 10 of a ziggurat)
 63244 | Zig:10   | Identified the Catalogue of Flying Unholy Secrets
 63251 | Zig:10   | Identified Busurrun's Guide on Flying Heat
 63258 | Zig:10   | Identified the Almanac of Battle Magic and Earth
 63353 | Zig:11   | Entered Level 11 of a ziggurat
 63438 | Zig:11   | Learned a level 2 spell: Song of Slaying
 63455 | Zig:12   | Entered Level 12 of a ziggurat
 63466 | Zig:12   | Noticed a juggernaut
 63466 | Zig:12   | Noticed a juggernaut
 63468 | Zig:12   | Noticed a juggernaut
 63469 | Zig:12   | Noticed a juggernaut
 63480 | Zig:12   | Killed a juggernaut
 63487 | Zig:12   | Killed a juggernaut
 63499 | Zig:12   | Killed a juggernaut
 63499 | Zig:12   | Reached skill level 15 in Evocations
 63499 | Zig:12   | HP: 13/273 [juggernaut (97)]
 63504 | Zig:13   | Entered Level 13 of a ziggurat
 64157 | Zig:13   | Found the +8 frozen axe "Frostbite" {freezing cloud, *Noise
                  | +Fly rC+}
 64720 | Tomb:2   | Noticed a greater mummy
 64720 | Tomb:2   | Noticed a greater mummy
 64724 | Tomb:2   | Noticed a greater mummy
 64724 | Tomb:2   | Noticed a greater mummy
 65014 | Tomb:2   | Lost mutation: You are clumsy. (Dex -2) [potion of
                  | mutation]
 65014 | Tomb:2   | Lost mutation: Scrolls take you a little longer to read.
                  | [potion of mutation]
 65014 | Tomb:2   | Lost mutation: You are resistant to hostile enchantments.
                  | (MR+) [potion of mutation]
 65014 | Tomb:2   | Lost mutation: You passively map a small area around you.
                  | [potion of mutation]
 65014 | Tomb:2   | Gained mutation: You have a pair of small antennae on your
                  | head. [potion of mutation]
 65014 | Tomb:2   | Gained mutation: Your mind is acute. (Int +2) [potion of
                  | mutation]
 65014 | Tomb:2   | Gained mutation: You possess an exceptional clarity of
                  | mind. [potion of mutation]
 65217 | Tomb:1   | Noticed a greater mummy
 65222 | Tomb:1   | Noticed a greater mummy
 65228 | Tomb:1   | Killed a greater mummy
 65229 | Tomb:1   | Noticed a greater mummy
 65241 | Tomb:1   | Killed a greater mummy
 65243 | Tomb:1   | Killed a greater mummy
 65317 | Tomb:1   | Noticed a greater mummy
 65326 | Tomb:1   | Killed a greater mummy
 65328 | Tomb:1   | Noticed a greater mummy
 65341 | Tomb:1   | Killed a greater mummy
 65397 | Tomb:1   | Noticed a greater mummy
 65405 | Tomb:1   | Killed a greater mummy
 65546 | Tomb:1   | Noticed a greater mummy
 65552 | Tomb:1   | Killed a greater mummy
 65653 | Tomb:1   | Noticed a greater mummy
 65653 | Tomb:1   | Noticed a greater mummy
 65659 | Tomb:1   | Killed a greater mummy
 65669 | Tomb:1   | Killed a greater mummy
 65709 | Tomb:1   | Noticed a greater mummy
 65716 | Tomb:1   | Noticed a greater mummy
 65733 | Tomb:1   | Killed a greater mummy
 65742 | Tomb:1   | Killed a greater mummy
 66189 | Tomb:1   | Noticed a greater mummy
 66189 | Tomb:1   | Noticed a greater mummy
 66196 | Tomb:1   | Killed a greater mummy
 66198 | Tomb:1   | Killed a greater mummy
 66346 | Tomb:1   | Noticed a greater mummy
 66356 | Tomb:1   | Killed a greater mummy
 66455 | Tomb:1   | Noticed a greater mummy
 66459 | Tomb:1   | Killed a greater mummy
 66594 | Tomb:1   | Noticed a greater mummy
 66608 | Tomb:1   | Noticed a greater mummy
 66609 | Tomb:1   | Killed a greater mummy
 66615 | Tomb:1   | Killed a greater mummy
 67078 | Tomb:3   | Entered Level 3 of the Tomb of the Ancients
 67097 | Tomb:3   | Noticed a greater mummy
 67098 | Tomb:3   | Noticed a greater mummy
 67102 | Tomb:3   | Killed a greater mummy
 67102 | Tomb:3   | Noticed a greater mummy
 67106 | Tomb:3   | Noticed a greater mummy
 67107 | Tomb:3   | Killed a greater mummy
 67114 | Tomb:3   | Killed a greater mummy
 67116 | Tomb:3   | Was placed under penance by the Shining One
 67128 | Tomb:3   | Killed a greater mummy
 67171 | Tomb:3   | Noticed a greater mummy
 67182 | Tomb:3   | Noticed a greater mummy
 67186 | Tomb:3   | Noticed a greater mummy
 67187 | Tomb:3   | Killed a greater mummy
 67196 | Zig:1    | Entered Level 1 of a ziggurat
 67509 | Zig:2    | Entered Level 2 of a ziggurat
 67538 | Zig:3    | Entered Level 3 of a ziggurat
 67572 | Zig:4    | Entered Level 4 of a ziggurat
 67606 | Zig:5    | Entered Level 5 of a ziggurat
 67647 | Zig:5    | Identified the Papyrus of the Viper
 67705 | Zig:6    | Entered Level 6 of a ziggurat
 67720 | Zig:6    | Paralysed by a great orb of eyes for 6 turns
 67726 | Zig:6    | HP: 10/273 [acid blob (14)]
 67726 | Zig:6    | HP: 4/273 [acid blob (2)]
 67726 | Zig:6    | Splashed by an acid blob's acid

Levels and vault maps discovered:

Skill      XL: |  1  2  3  4  5  6  7  8  9 10 11 12 13 14 15 16 17 18 19 20 21 22 23 24 25 26 27 |
---------------+----------------------------------------------------------------------------------+-----
Axes           | 3 4 7 8 10 13 14 15 16 18 19 21 23 24 25 | 25.0
Fighting       | 4 5 6 8 10 11 12 14 15 16 17 18 19 20 21 27 | 27.0
Dodging        | 1 2 3 5 6 7 9 10 11 18 | 18.8
Shields        | 4 5 6 7 8 9 10 12 13 14 22 | 22.0
Armour         | 5 6 8 9 11 12 13 15 18 22 | 22.5
Invocations    | 6 11 13 14 15 16 17 19 20 22 23 27 | 27.0
Evocations     | 4 7 8 10 19 | 19.0
Maces & Flails | 2 |  2.0
Translocations | 8 9 12 | 12.0
Air Magic      | 3 7 8 |  8.8
Charms         | 2 7 8 9 |  9.2
Spellcasting   | 2 |  2.4
Stealth        | |  0.2

Action                   |  1- 3 |  4- 6 |  7- 9 | 10-12 | 13-15 | 16-18 | 19-21 | 22-24 | 25-27 || total
-------------------------+-------+-------+-------+-------+-------+-------+-------+-------+-------++-------
Melee: War axe           |    74 |    53 |   427 |   763 |   314 |       |       |       |       ||  1631
       Broad axe         |       |       |       |       |   522 |  1021 |   941 |  1351 |  2803 ||  6638
       Flail             |       |       |       |       |    35 |       |       |       |       ||    35
 Cast: Blink             |       |       |       |       |       |       |       |       |    14 ||    14
       Swiftness         |       |       |       |       |       |       |       |       |     2 ||     2
       Lesser Beckoning  |       |       |       |       |       |       |       |       |    15 ||    15
       Apportation       |       |       |       |       |       |       |       |       |     3 ||     3
       Song of Slaying   |       |       |       |       |       |       |       |       |     3 ||     3
Invok: Divine Shield     |       |       |       |     3 |     6 |     9 |     6 |     4 |    26 ||    54
       Cleansing Flame   |       |       |       |       |       |     6 |     6 |     9 |    29 ||    50
       Summon Divine War |       |       |       |       |       |       |       |     1 |     3 ||     4
       Brand Weapon With |       |       |       |       |       |       |       |       |     1 ||     1
 Abil: Evoke Flight      |       |       |       |       |       |     7 |       |       |       ||     7
Evoke: Wand              |       |       |       |     9 |     2 |    12 |       |     8 |    18 ||    49
       Figurine of a zig |       |       |       |       |       |       |       |       |     1 ||     1
  Use: Scroll            |     4 |       |    13 |    12 |    15 |     8 |     7 |    10 |    58 ||   127
       Potion            |       |     1 |     3 |     8 |       |       |       |     2 |    45 ||    59
 Stab: Confused          |       |       |       |     1 |       |       |       |       |       ||     1
  Eat: Chunk             |     1 |     2 |     8 |    11 |    19 |    12 |    10 |     8 |     7 ||    78
       Ration            |       |       |     3 |     4 |     4 |     5 |     3 |     7 |    22 ||    48
Armor: Scale mail        |    30 |    13 |   165 |    10 |       |       |       |       |       ||   218
       Chain mail        |       |       |       |   209 |       |       |       |       |       ||   209
       Acid dragon scale |       |       |       |    57 |       |       |       |       |    12 ||    69
       Ice dragon scales |       |       |       |       |   109 |   256 |   147 |   299 |    57 ||   868
       Ring mail         |       |       |       |       |    66 |       |       |       |       ||    66
       Fire dragon scale |       |       |       |       |       |       |       |       |    17 ||    17
       Crystal plate arm |       |       |       |       |       |       |       |       |    60 ||    60
       Plate armour      |       |       |       |       |       |       |       |       |   566 ||   566
Dodge: Dodged            |    28 |    18 |   140 |   190 |   184 |   308 |   195 |   283 |   753 ||  2099
Block: Shield            |    44 |    29 |   222 |   366 |   747 |  1221 |   809 |  1111 |  2834 ||  7383
       Reflection        |       |       |       |       |    36 |   233 |   101 |    57 |   149 ||   576

Table legend:
 A = Non-vault XP
 B = Vault XP
 C = Vault XP percentage of total XP
 D = Non-vault monster count
 E = Vault monster count
 F = Vault count percentage of total count
                 A         B        C        D         E       F
            +---------+---------+-------+---------+---------+-------
      Total | 1179295 | 1333580 |  53.1 |    1976 |    1266 |  39.0
            +---------+---------+-------+---------+---------+-------
        D:1 |      12 |       0 |   0.0 |       9 |       0 |   0.0
        D:2 |      68 |       0 |   0.0 |      15 |       0 |   0.0
        D:3 |      41 |     549 |  93.1 |      20 |       3 |  13.0
        D:4 |     696 |       0 |   0.0 |      27 |       0 |   0.0
        D:5 |     397 |       0 |   0.0 |      16 |       0 |   0.0
        D:6 |    1323 |     482 |  26.7 |      29 |      10 |  25.6
        D:7 |    1634 |      35 |   2.1 |      24 |       1 |   4.0
        D:8 |    1529 |     136 |   8.2 |      27 |       1 |   3.6
        D:9 |    2130 |    1489 |  41.1 |      35 |       6 |  14.6
       D:10 |    1019 |     292 |  22.3 |       6 |       8 |  57.1
       D:11 |    5201 |       0 |   0.0 |      45 |       0 |   0.0
       D:12 |    2513 |       0 |   0.0 |      27 |       0 |   0.0
       D:13 |    6579 |       0 |   0.0 |      42 |       0 |   0.0
       D:14 |    5789 |    4372 |  43.0 |      21 |       5 |  19.2
       D:15 |   11965 |    3170 |  20.9 |      41 |       3 |   6.8
     Lair:1 |    3507 |       0 |   0.0 |      19 |       0 |   0.0
     Lair:2 |    2666 |    2202 |  45.2 |      10 |       6 |  37.5
     Lair:3 |    2299 |       0 |   0.0 |       9 |       0 |   0.0
     Lair:4 |    6172 |    2086 |  25.3 |      18 |       9 |  33.3
     Lair:5 |    8019 |    4363 |  35.2 |      34 |       9 |  20.9
     Lair:6 |    6418 |    8705 |  57.6 |      20 |      28 |  58.3
   Shoals:1 |   14440 |    1922 |  11.7 |      36 |       5 |  12.2
   Shoals:2 |   11708 |    4711 |  28.7 |      27 |      10 |  27.0
   Shoals:3 |   16939 |       0 |   0.0 |      32 |       0 |   0.0
   Shoals:4 |   16181 |   18340 |  53.1 |      34 |      32 |  48.5
    Snake:1 |   12076 |       0 |   0.0 |      28 |       0 |   0.0
    Snake:2 |   13173 |       0 |   0.0 |      31 |       0 |   0.0
    Snake:3 |   19072 |    2549 |  11.8 |      35 |       6 |  14.6
    Snake:4 |   21260 |   52732 |  71.3 |      44 |      74 |  62.7
      Orc:1 |    3789 |     816 |  17.7 |      50 |       1 |   2.0
      Orc:2 |    3908 |   18028 |  82.2 |      37 |      40 |  51.9
      Elf:1 |   16514 |    6618 |  28.6 |      29 |      10 |  25.6
      Elf:2 |   21795 |   20712 |  48.7 |      34 |      27 |  44.3
      Elf:3 |   15878 |   46282 |  74.5 |      30 |      32 |  51.6
   Vaults:1 |   28434 |   30394 |  51.7 |      45 |      44 |  49.4
   Vaults:2 |   37388 |   24638 |  39.7 |      59 |      41 |  41.0
   Vaults:3 |   50353 |   44667 |  47.0 |      76 |      54 |  41.5
   Vaults:4 |   31715 |   44528 |  58.4 |      34 |      40 |  54.1
   Vaults:5 |   43858 |  108730 |  71.3 |      66 |      86 |  56.6
    Crypt:1 |   39131 |       0 |   0.0 |      55 |       0 |   0.0
    Crypt:2 |   27688 |   26909 |  49.3 |      49 |      28 |  36.4
    Crypt:3 |   46296 |   51261 |  52.5 |      57 |      67 |  54.0
     Tomb:1 |    9568 |  130243 |  93.2 |      23 |      39 |  62.9
     Tomb:2 |    1210 |    5414 |  81.7 |      10 |      12 |  54.5
     Tomb:3 |   10028 |   76373 |  88.4 |      15 |      76 |  83.5
   Depths:1 |   39906 |   16319 |  29.0 |      49 |       8 |  14.0
   Depths:2 |   34981 |   39972 |  53.3 |      42 |      47 |  52.8
   Depths:3 |   29078 |   10247 |  26.1 |      39 |      12 |  23.5
   Depths:4 |   38479 |   39291 |  50.5 |      43 |      29 |  40.3
   Depths:5 |   29750 |   22169 |  42.7 |      23 |      19 |  45.2
      Zot:1 |   46304 |       0 |   0.0 |      32 |       0 |   0.0
      Zot:2 |   76036 |   43972 |  36.6 |      50 |      16 |  24.2
      Zot:3 |   24094 |   30057 |  55.5 |      13 |      15 |  53.6
      Zot:4 |   61027 |   84642 |  58.1 |      35 |      44 |  55.7
      Zot:5 |   41226 |  178741 |  81.3 |      20 |      42 |  67.7
      Zig:1 |    1934 |       0 |   0.0 |       4 |       0 |   0.0
      Zig:2 |    3860 |       0 |   0.0 |       9 |       0 |   0.0
      Zig:3 |    4665 |       0 |   0.0 |      17 |       0 |   0.0
      Zig:4 |    9428 |       0 |   0.0 |       9 |       0 |   0.0
      Zig:5 |   14149 |       0 |   0.0 |      18 |       0 |   0.0
      Zig:6 |   10729 |       0 |   0.0 |       8 |       0 |   0.0
      Zig:7 |   13173 |       0 |   0.0 |       9 |       0 |   0.0
      Zig:8 |   17793 |       0 |   0.0 |      10 |       0 |   0.0
      Zig:9 |    9263 |       0 |   0.0 |      18 |       0 |   0.0
     Zig:10 |   22957 |       0 |   0.0 |      23 |       0 |   0.0
     Zig:11 |   11681 |       0 |   0.0 |      20 |       0 |   0.0
     Zig:12 |   27505 |       0 |   0.0 |      18 |       0 |   0.0
     Zig:13 |   27282 |       0 |   0.0 |      23 |       0 |   0.0
    Ossuary |       0 |     401 | 100.0 |       0 |      37 | 100.0
      IceCv |       0 |    5430 | 100.0 |       0 |      20 | 100.0
     WizLab |    1616 |   61444 |  97.4 |      14 |      59 |  80.8
 Desolation |       0 |   54063 | 100.0 |       0 |      98 | 100.0
   Gauntlet |       0 |    3084 | 100.0 |       0 |       7 | 100.0
            +---------+---------+-------+---------+---------+-------
